Map: Kairos Junction LE

Players

Woah

  • Race: Terran Terran
  • Spawn Location: 5:00

ḰÖƵṀÏḰ - Winner!

  • Race: Terran Terran
  • League: Diamond
  • Spawn Location: 11:00

VOD

Have the link to the VOD?

Description

Time

  • Played on: June 11, 2019, 10:01 p.m.
  • Length: 31:25
Show
View Real Time Build Order
Export as new Build Order

Woah Terran 

Build Orders: 1/1/1, Cyclone Opening 

Get SALT Encoding   

  12  0:00  SCV  
  13  0:13  SCV  
  14  0:17  Supply Depot  
  14  0:25  SCV  
  15  0:28  Refinery  
  15  0:41  Barracks  
  15  0:45  SCV  
  16  0:54  Refinery  
  16  0:59  SCV  
  17  1:11  SCV  
  18  1:29  Factory  
  18  1:34  Orbital Command  
  18  1:39  Reaper  
  19  1:49  Supply Depot  
  19  1:59  SCV  
  20  2:12  SCV  
  21  2:18  Reaper  
  21  2:19  Factory Tech Lab  
  22  2:24  Starport  
  22  2:25  SCV  
  23  2:47  Command Center  
  23  2:52  Reaper  
  23  2:55  Cyclone  
  27  3:05  SCV  
  27  3:37  SCV  
  28  3:45  Banshee, Cloaking Field  
  31  3:51  Factory Tech Lab  
  31  3:59  SCV  
  31  4:00  Orbital Command  
  32  4:11  SCV  
  28  4:23  Siege Tank  
  31  4:24  Barracks Tech Lab  
  31  4:28  Barracks  
  31  4:29  Barracks  
  31  4:37  SCV, Command Center  
  32  4:43  SCV  
  33  4:49  SCV  
  34  4:53  Supply Depot  
  34  4:55  SCV, Reaper  
  34  4:58  Stimpack  
  36  5:07  SCV  
  36  5:08  SCV  
  36  5:10  Refinery  
  38  5:37  Raven  
  38  5:39  Marine  
  38  5:40  SCV  
  42  5:43  Supply Depot x2  
  42  5:44  SCV, Engineering Bay  
  42  5:45  Engineering Bay  
  42  5:48  Barracks Tech Lab  
  42  5:49  Barracks Tech Lab  
  43  5:52  SCV  
  42  5:57  Marine  
  36  6:15  Marine  
  37  6:20  Viking  
  38  6:29  SCV  
  39  6:32  Marine  
  38  6:56  Combat Shield  
  38  7:02  Orbital Command  
  38  7:05  SCV  
  37  7:37  SCV x2  
  39  7:49  SCV x2  
  40  7:59  Orbital Command  
  40  8:01  SCV x2  
  42  8:13  SCV  
  42  8:14  SCV  
  44  8:20  Barracks  
  44  8:22  Concussive Shells, Barracks  
  44  8:23  Barracks  
  44  8:24  Barracks  
  44  8:25  SCV  
  44  8:26  SCV  
  46  8:29  Marauder x2, Marine  
  51  8:35  SCV  
  51  8:38  SCV x2  
  51  8:39  Barracks, Supply Depot x2  
  54  8:44  Barracks  
  54  8:47  Marauder, SCV  
  57  8:50  SCV x2, Starport Reactor, Marauder, Marine  
  62  8:56  Terran Infantry Weapons Level 1  
  62  8:59  SCV  
  62  9:02  SCV x2  
  65  9:07  Marine  
  65  9:09  Marauder  
  68  9:10  Factory  
  68  9:11  SCV, Marine  
  68  9:12  Barracks  
  68  9:14  SCV  
  68  9:17  SCV, Missile Turret x2  
  71  9:22  Barracks Reactor  
  71  9:24  SCV  
  73  9:26  Marauder, SCV  
  73  9:28  Missile Turret  
  73  9:29  SCV, Marine x2  
  73  9:30  Refinery  
  73  9:31  Terran Infantry Armor Level 1  
  79  9:32  Missile Turret  
  79  9:36  SCV  
  79  9:38  SCV  
  81  9:41  Viking  
  81  9:54  Marine  
  81  9:55  Marine x2  
  81  9:59  Marine x2  
  85  10:00  Marauder  
  85  10:02  Siege Tank  
  79  10:14  Marine x3  
  79  10:15  Marine  
  79  10:17  Marine x2  
  79  10:21  Marine  
  85  10:22  Siege Tank  
  88  10:32  Marine x3  
  88  10:33  Orbital Command  
  80  10:46  Viking, Medivac  
  80  10:47  SCV x2  
  83  10:55  Barracks Reactor x3  
  83  10:58  SCV  
  83  10:59  SCV x2  
  83  11:01  Marine  
  83  11:02  Marine x4  
  91  11:10  Armory, SCV  
  92  11:11  SCV x2  
  92  11:17  Refinery  
  92  11:18  Refinery  
  94  11:19  Marine x2  
  94  11:20  Marine x3  
  94  11:23  SCV x2  
  101  11:36  Viking x2  
  101  11:38  Marine  
  101  11:39  Marine x2  
  108  11:40  Command Center  
  106  12:01  Marauder, Marine  
  106  12:06  Marine x2  
  109  12:09  Marine x2  
  109  12:11  Marine x3  
  109  12:13  Marine x2  
  102  12:19  Marine  
  102  12:22  Marine  
  96  12:24  Marine x2  
  96  12:27  Marine x2  
  96  12:29  Marine x3  
  101  12:31  Marine x2  
  103  12:37  Marine  
  103  12:40  Marine  
  102  12:44  Siege Tank x2  
  102  12:45  SCV  
  102  12:48  Barracks  
  102  12:49  Barracks  
  102  12:51  SCV, Barracks  
  109  12:52  Missile Turret  
  101  13:10  Marine  
  101  13:11  Marine x10  
  88  13:17  Terran Infantry Weapons Level 2  
  88  13:22  Terran Infantry Armor Level 2  
  88  13:28  Marine  
  88  13:29  Marine x7  
  97  13:34  SCV  
  97  13:40  Viking  
  97  13:41  Viking  
  101  13:42  Barracks Reactor x3  
  85  14:03  Marine x11  
  96  14:23  Marine  
  96  14:24  Marine x10  
  65  14:57  Marine  
  65  14:58  Marine x11  
  74  15:10  Command Center  
  74  15:13  Siege Tank  
  65  15:37  Marine  
  65  15:38  Marine x11  
  77  15:51  Siege Tank  
  77  15:53  Siege Tank  
  83  15:57  Medivac  
  85  16:20  Marine  
  85  16:21  Marine x5  
  85  16:23  Siege Tank  
  94  16:31  Orbital Command  
  71  16:58  Marine x6  
  71  16:59  Siege Tank  
  71  17:00  Siege Tank  
  74  17:09  Marine  
  74  17:10  Marine x10  
  85  17:15  Refinery  
  85  17:17  Refinery  
  80  17:30  Marine x2  
  80  17:31  Marine  
  76  17:57  Marine  
  76  17:58  Marine x14  
  71  18:11  Viking x2  
  75  18:15  Marine  
  75  18:16  Marine x11  
  75  18:18  Terran Infantry Armor Level 3, Terran Infantry Weapons Level 3  
  77  18:28  Orbital Command  
  77  18:30  SCV x3  
  80  18:39  Siege Tank  
  83  18:42  SCV x3  
  85  18:54  SCV x3  
  84  18:58  Siege Tank  
  84  19:01  Viking x2  
  91  19:10  Marine x5  
  91  19:11  Siege Tank, Marine x2  
  95  19:39  Marine  
  95  19:40  Marine x14  
  85  19:57  Marine  
  85  19:58  Siege Tank, Marine x11  
  76  20:22  Marine  
  76  20:23  Marine x9  
  69  20:39  Marine x5  
  69  20:40  Marine  
  69  20:41  Marine x4  
  73  20:43  Marine x3  
  75  20:57  Marine x3  
  72  21:02  Marine  
  72  21:03  Marine x3  
  65  21:25  Marine x11  
  60  21:30  Siege Tank  
  60  21:31  Siege Tank  
  75  21:39  Command Center  
  75  21:42  Marine  
  75  21:43  Marine x3  
  74  21:49  Marine  
  74  21:50  Marine x6  
  79  22:03  Marine x4  
  79  22:07  Marine x2  
  79  22:08  Marine  
  86  22:17  Viking x2  
  86  22:18  Orbital Command  
  90  22:28  Marine  
  90  22:29  Marine x4  
  95  22:54  Orbital Command  
  83  23:20  Orbital Command  
  83  23:22  Marine x5  
  83  23:23  Marine x6  
  78  23:37  Siege Tank x2  
  78  23:40  Marine x10  
  78  23:41  Marine  
  93  23:58  Marine x5  
  98  24:09  Siege Tank  
  94  24:13  Siege Tank, Refinery  
  94  24:14  Marine, Refinery  
  94  24:15  Marine x6  
  94  24:16  Marine x4  
  108  24:19  Refinery  
  108  24:20  Refinery  
  108  24:41  Siege Tank  
  108  24:45  Siege Tank, Marine  
  104  24:46  Marine x10  
  99  25:03  Marine  
  99  25:04  Marine x6  
  96  25:08  Marine  
  96  25:09  Marine x3  
  96  25:13  Siege Tank  
  99  25:20  Siege Tank  
  99  25:21  Marine x4  
  102  25:22  Marine x3  
  102  25:26  Marine  
  102  25:27  Marine x3  
  109  25:30  Liberator x2  
  104  25:39  Marine x4  
  103  25:48  Starport  
  103  25:49  Starport  
  109  25:52  Command Center  
  109  26:11  Command Center  
  104  26:18  Liberator  
  78  26:26  Marine x11  
  91  26:44  Marine x11  
  102  26:48  SCV x2  
  104  27:00  SCV x2  
  106  27:01  Marine  
  106  27:02  Marine x7  
  114  27:12  SCV  
  114  27:13  SCV  
  114  27:14  Sensor Tower  
  116  27:24  SCV  
  116  27:25  SCV  
  118  27:36  SCV  
  113  27:37  SCV  
  91  27:45  Marine x11  
  91  27:48  Liberator x2  
  81  27:55  Siege Tank  
  81  27:57  Siege Tank  
  78  28:02  Marine  
  78  28:03  Marine x10  
  95  28:06  Barracks x3  
  95  28:07  Barracks  
  89  28:20  Marine  
  89  28:21  Marine  
  89  28:24  Orbital Command  
  87  28:27  Siege Tank  
  87  28:30  Viking x2  
  80  28:57  Marine  
  80  28:58  Marine x10  
  72  29:15  Marine  
  72  29:16  Marine x6  
  79  29:22  Sensor Tower  
  31  29:48  Marine  
  31  29:49  Marine x6  
  31  29:50  Marine x4  
  34  30:06  Marine x3  
  26  30:31  Orbital Command  
  26  30:34  Orbital Command  
Show
View Real Time Build Order
Export as new Build Order

ḰÖƵṀÏḰ Terran - Winner!

Build Orders: Gas First Reaper Expand, Banshee Rush 

Get SALT Encoding   

  12  0:02  SCV  
  13  0:14  SCV  
  13  0:19  Supply Depot  
  14  0:26  SCV  
  15  0:29  Refinery  
  15  0:41  SCV  
  16  0:49  Barracks  
  16  0:53  SCV  
  17  1:05  SCV  
  18  1:17  SCV  
  19  1:39  Command Center  
  19  1:42  Reaper  
  20  1:50  Orbital Command  
  20  2:02  Factory  
  20  2:14  Marine  
  20  2:15  Supply Depot  
  20  2:23  SCV  
  20  2:28  Refinery  
  21  2:32  Marine  
  21  2:38  SCV  
  22  2:46  Factory Tech Lab  
  22  2:50  SCV  
  23  2:53  Starport  
  23  2:54  Marine  
  24  3:12  Orbital Command, Marine  
  24  3:16  Siege Tank  
  25  3:36  Marine  
  25  3:39  SCV, Starport Tech Lab  
  25  3:40  SCV  
  28  3:45  Supply Depot  
  28  3:51  SCV  
  29  3:56  Barracks Reactor  
  29  3:59  Cloaking Field  
  29  4:03  SCV  
  29  4:08  Banshee  
  29  4:09  Barracks  
  33  4:10  SCV  
  34  4:19  SCV  
  34  4:23  SCV  
  36  4:31  SCV  
  36  4:34  Marine  
  36  4:35  SCV, Marine  
  36  4:36  Engineering Bay  
  40  4:43  SCV  
  41  4:47  Siege Tank  
  41  4:50  SCV  
  41  4:51  Medivac  
  47  4:54  Supply Depot  
  47  4:56  Marine x2  
  47  4:58  Barracks Tech Lab  
  50  5:00  SCV  
  50  5:04  Missile Turret  
  48  5:08  Missile Turret  
  48  5:13  Missile Turret  
  41  5:41  SCV, Missile Turret  
  41  5:42  SCV  
  43  5:53  Marauder, Marine x2  
  43  5:54  Viking, Siege Tank  
  43  5:55  SCV  
  43  5:56  SCV  
  54  6:08  SCV x2  
  54  6:10  Marine  
  54  6:11  Terran Infantry Weapons Level 1, Marine  
  58  6:13  Stimpack  
  58  6:19  Supply Depot  
  58  6:20  SCV  
  58  6:21  SCV, Barracks  
  58  6:22  Refinery  
  51  6:55  Marine x2  
  51  6:56  Marine  
  51  6:57  Viking, Siege Tank  
  56  7:11  SCV x2  
  56  7:13  Marine x2  
  56  7:14  Marauder, Command Center  
  62  7:17  Starport  
  62  7:18  Refinery  
  62  7:23  SCV  
  62  7:34  Marine x2  
  62  7:35  Raven  
  64  7:38  Marauder  
  64  7:40  SCV x2  
  66  7:48  Barracks Reactor  
  66  7:49  Supply Depot  
  64  7:52  Refinery  
  64  7:53  Refinery  
  64  7:59  Marine  
  64  8:00  Marine  
  66  8:08  Missile Turret, Terran Infantry Armor Level 1  
  66  8:12  SCV  
  67  8:13  SCV  
  67  8:14  Combat Shield  
  67  8:19  Marine x2  
  70  8:26  Viking  
  72  8:31  Missile Turret  
  72  8:35  SCV, Missile Turret  
  72  8:38  SCV  
  72  8:41  Starport Reactor  
  74  8:47  SCV  
  75  8:49  Orbital Command  
  75  8:50  SCV  
  75  8:52  Marine  
  77  8:57  Marine x3  
  80  9:07  SCV, Missile Turret  
  80  9:09  SCV, Missile Turret x2  
  82  9:13  Marine x2  
  82  9:16  Siege Tank  
  87  9:18  SCV  
  87  9:19  SCV  
  87  9:21  Viking  
  87  9:24  SCV  
  92  9:25  Marine  
  93  9:32  Supply Depot  
  93  9:34  Supply Depot  
  93  9:36  Supply Depot  
  93  9:50  SCV, Marine  
  93  9:52  SCV x2  
  93  9:53  Marine x4  
  94  10:08  Marauder  
  90  10:35  Orbital Command  
  82  10:46  SCV x2  
  82  10:51  Marine x2  
  82  10:52  Marine x2  
  82  10:53  Marauder  
  82  10:54  Viking x3, Siege Tank  
  95  11:05  Command Center  
  95  11:06  Barracks  
  95  11:08  Supply Depot  
  95  11:10  Barracks  
  95  11:14  Factory  
  95  11:17  Armory  
  95  11:18  Armory  
  95  11:23  Engineering Bay, Barracks  
  95  11:24  SCV, Starport  
  95  11:25  SCV x2  
  98  11:32  Liberator  
  98  11:36  SCV  
  98  11:37  SCV, Concussive Shells  
  98  11:39  Marauder, Marine x2  
  104  11:40  Marine  
  104  11:41  Marine  
  104  11:46  Siege Tank  
  106  11:54  Supply Depot  
  106  11:57  Marine  
  101  12:21  Marine  
  101  12:22  Marauder, Marine x3  
  105  12:23  Marine  
  105  12:24  Barracks Reactor x2  
  105  12:26  Siege Tank  
  105  12:27  Orbital Command  
  111  12:36  SCV x2  
  111  12:38  Viking x2  
  111  12:39  Starport Reactor  
  111  12:40  Banshee  
  111  12:43  Orbital Command  
  106  12:48  SCV  
  107  12:51  Orbital Command  
  107  12:52  Factory Tech Lab  
  107  12:58  Siege Tank  
  107  12:59  Barracks Tech Lab  
  106  13:20  Marine x4  
  106  13:21  Marauder x2, Marine x2  
  106  13:22  Marine x2  
  106  13:23  Siege Tank  
  106  13:24  Viking x3  
  127  13:29  Refinery  
  127  13:33  Refinery  
  127  13:35  SCV  
  127  13:36  SCV  
  129  13:56  Medivac  
  129  13:57  Medivac x3  
  129  13:58  Raven  
  129  13:59  Refinery  
  139  14:05  Missile Turret  
  139  14:14  Supply Depot x2  
  139  14:15  Supply Depot  
  139  14:16  Missile Turret  
  139  14:19  Missile Turret x2, Refinery  
  139  14:20  Supply Depot  
  139  14:21  Sensor Tower  
  139  14:22  SCV x4  
  143  14:25  Terran Infantry Weapons Level 2  
  143  14:28  Terran Infantry Armor Level 2  
  143  14:33  Terran Vehicle Weapons Level 1  
  143  14:34  Terran Vehicle And Ship Armor Level 1  
  102  14:56  Marine  
  102  14:57  Marine x5  
  102  14:58  Marauder x2, Marine x2  
  114  15:00  Thor, Siege Tank  
  114  15:01  Viking x2  
  114  15:02  Raven  
  114  15:05  Viking x2  
  133  15:11  SCV x4  
  137  15:20  Supply Depot x2  
  135  15:21  Supply Depot  
  117  15:45  Missile Turret  
  117  15:46  Supply Depot  
  117  15:47  Supply Depot  
  117  15:55  Marine x2  
  117  15:56  Marauder, Marine x3  
  117  15:57  Marauder, Marine x3  
  126  15:58  Thor x2  
  126  15:59  Viking  
  126  16:00  Viking  
  126  16:01  Banshee  
  148  16:04  SCV  
  148  16:05  SCV  
  148  16:06  SCV  
  151  16:18  Marauder  
  150  16:35  Missile Turret  
  150  16:36  Missile Turret, Refinery  
  150  16:45  Supply Depot  
  132  16:58  Marine x4  
  132  16:59  Marine x2  
  132  17:00  Marauder, Marine x3  
  140  17:04  Siege Tank x2  
  140  17:06  Medivac x2  
  140  17:07  Banshee  
  153  17:16  Marine x2  
  153  17:18  Marauder  
  111  18:21  Marine x5  
  111  18:22  Marine x2  
  111  18:23  Marauder x2, Thor  
  111  18:24  Viking, Siege Tank  
  111  18:25  Viking x3, Banshee  
  129  18:43  Marine x4  
  129  18:44  Marine x4  
  129  18:46  Marauder  
  129  18:47  Marauder  
  133  19:01  Marine x2  
  135  19:08  Marauder  
  137  19:11  Command Center, Marine  
  137  19:12  Marine  
  139  19:22  Siege Tank  
  142  19:25  Siege Tank  
  134  19:57  Missile Turret  
  134  19:59  Missile Turret  
  134  20:00  Supply Depot  
  134  20:01  Supply Depot  
  134  20:02  Supply Depot  
  120  20:18  Marine  
  120  20:19  Supply Depot, Marine x5  
  120  20:20  Marine x2  
  120  20:21  Marauder x2  
  127  20:22  Siege Tank  
  118  21:05  Marine x3  
  118  21:06  Marine x5  
  118  21:07  Marauder x2, Thor  
  133  21:14  Planetary Fortress  
  133  21:17  Missile Turret  
  125  21:24  Marine x2  
  125  21:25  Marine x4  
  121  21:27  Siege Tank  
  121  21:28  Marauder  
  127  21:37  Missile Turret  
  127  21:41  Marauder, Marine x2  
  127  21:42  Marine  
  127  21:43  Viking x3  
  127  21:44  Viking  
  134  22:07  Command Center, Supply Depot  
  132  22:10  Supply Depot  
  132  22:11  Supply Depot  
  132  22:14  Thor  
  132  22:15  Thor  
  144  22:17  Viking  
  144  22:21  Viking  
  148  22:26  Terran Ship Weapons Level 1  
  148  22:32  Terran Vehicle Weapons Level 2  
  148  22:44  Terran Infantry Weapons Level 3  
  148  22:56  Orbital Command  
  126  23:40  Marine x3  
  126  23:41  Marauder x2, Marine x3  
  132  23:42  Marine  
  137  23:52  Marine  
  137  23:53  Thor x2  
  137  23:54  Viking  
  137  23:55  Viking  
  146  23:58  Marine x2  
  146  24:04  Missile Turret x2  
  146  24:06  Missile Turret, Refinery  
  146  24:07  Missile Turret  
  146  24:09  Refinery  
  143  24:10  Supply Depot x2  
  143  24:12  Refinery  
  143  24:14  Planetary Fortress  
  143  24:25  Supply Depot  
  143  24:27  Supply Depot  
  143  24:32  Marauder x2  
  147  24:44  Orbital Command  
  139  24:52  Command Center  
  139  24:56  Marine  
  139  24:57  Marine x2  
  139  24:58  Marauder x2  
  134  25:19  Marauder  
  109  25:35  Marine  
  109  25:36  Marine x4  
  109  25:37  Marauder  
  109  25:39  Siege Tank x2  
  109  25:40  Marauder, Banshee  
  109  25:41  Viking x4  
  123  25:45  SCV x2  
  123  25:46  SCV  
  126  25:53  Marine x3  
  129  25:57  SCV  
  129  25:58  SCV  
  131  26:10  Marine x3  
  131  26:11  Marauder x2, Siege Tank, Marine x2  
  135  26:12  Marine x3  
  135  26:14  Viking x2  
  135  26:15  Viking  
  138  26:23  Raven  
  133  26:26  Thor  
  133  26:28  Marine x3  
  133  26:29  Marine x2  
  145  26:33  Marauder x2  
  145  26:34  Marine x3  
  150  26:43  Barracks x2, Refinery x2  
  150  26:44  Terran Infantry Armor Level 3  
  150  26:46  Hi-Sec Auto Tracking, Marine x2, Barracks  
  152  27:10  Marine  
  152  27:11  Marine x4  
  152  27:12  Marauder x2, Marine x3  
  152  27:14  Siege Tank x2, Refinery  
  170  27:15  Refinery  
  170  27:19  Missile Turret  
  170  27:22  Factory  
  170  27:23  Viking  
  170  27:25  Factory  
  170  27:26  Factory  
  170  27:28  Command Center, Marine  
  173  27:33  Marauder  
  175  27:40  Missile Turret  
  148  27:44  Command Center  
  119  27:54  Marine x3  
  124  28:00  Missile Turret  
  122  28:06  Marine x2  
  122  28:07  Marauder x2, Marine x2  
  130  28:15  Marine x4  
  130  28:16  Marine x3  
  136  28:24  Marine x2  
  136  28:26  Marine  
  136  28:27  Marine  
  137  28:29  Marauder x2, Thor x2  
  137  28:32  Marine, Factory Tech Lab x2  
  155  28:35  Refinery  
  155  28:42  Refinery  
  152  28:50  Marauder  
  152  28:54  Command Center  
  145  29:11  Thor, Factory  
  145  29:13  Orbital Command  
  145  29:17  Command Center  
  151  29:19  Supply Depot  
  151  29:27  Viking  
  151  29:28  Viking  
  150  29:41  Supply Depot  
  140  29:56  Factory, Marine x6  
  140  29:57  Marine x5  
  140  29:58  Marine x2  
  140  29:59  Thor  
  134  30:00  Siege Tank  
  134  30:05  Missile Turret  
  131  30:07  Planetary Fortress  
  129  30:22  Marine  
  129  30:23  Marine x4  
  129  30:24  Marine x3  
  129  30:25  Missile Turret, Barracks Reactor x3  
  129  30:27  Marauder x2  
  129  30:28  Thor x2  
  141  30:30  Medivac  
  141  30:32  Viking, Supply Depot  
  141  30:34  Planetary Fortress  
  151  30:41  Factory  
  151  30:45  Supply Depot  
  151  30:49  Orbital Command  
  157  30:57  Supply Depot  
  157  30:58  Factory Tech Lab  
  157  30:59  Factory Reactor  
  163  31:08  Supply Depot  
  163  31:13  Starport  
  163  31:22  Starport  
Tags
 
Add a new tag
Caveats
  • Supply blocks, unpowered buildings, or Contaminate may cause inaccurate times.
  • Supply counts are checked every 10 seconds.